 Dungeon Crawl Stone Soup version 0.19-a0-1932-g59670f6 (webtiles) character file.

182 dobroeutro the Shooter (level 5, -8/46 HPs)
             Began as a Centaur Hunter on Oct 25, 2016.
             Killed by nerve-wracking pain
             ... invoked by Grinder
              (13 damage)
             ... on level 3 of the Dungeon.
             The game lasted 00:06:16 (3684 turns).

dobroeutro the Shooter (Centaur Hunter)             Turns: 3684, Time: 00:06:17

Health: -8/46      AC: 13    Str: 15    XL:     5   Next: 35%
Magic:  5/5        EV:  2    Int: 10    God:
Gold:   98         SH:  0    Dex: 10    Spells: 0 memorised, 4 levels left

rFire  . . .     SeeInvis .     p - +1 dagger (flame)
rCold  . . .     Gourm    .     o - +0 chain mail (curse)
rNeg   . . .     Faith    .     (no shield)
rPois  .         Spirit   .     l - +0 helmet
rElec  .         Reflect  .     (no cloak)
rCorr  .         Harm     .     (no gloves)
MR     .....                    x - +1 centaur barding
Stlth  ..........               (no amulet)
                                (no ring)
                                (no ring)

@: very quick
A: hooves 3, deformed body, speed 2, tough skin 3
a: no special abilities


You were on level 3 of the Dungeon.
You were not hungry.

You visited 1 branch of the dungeon, and saw 3 of its levels.

You collected 98 gold pieces.

Inventory:

Hand Weapons
 a - a +1 shortbow
 b - a +0 short sword
 p - a +1 dagger of flaming (weapon)
Missiles
 d - 27 arrows
Armour
 c - a +0 leather armour
 l - a +0 helmet (worn)
 o - a cursed +0 chain mail (worn)
 x - a +1 centaur barding (worn)
Wands
 h - a wand of enslavement (10/24)
Scrolls
 e - 2 scrolls of fog {unknown}
 g - a scroll of enchant weapon {unknown}
 m - 5 scrolls of identify {unknown}
 n - 2 scrolls of remove curse {unknown}
 q - a scroll of teleportation {unknown}
 r - 2 scrolls of amnesia {unknown}
 u - a scroll of enchant armour {unknown}
Potions
 i - a potion of curing {unknown}
 j - a potion of heal wounds
 s - a potion of haste
 t - a potion of beneficial mutation {unknown}
 w - a potion of lignification {unknown}
Comestibles
 f - 2 bread rations
 k - 2 meat rations
 v - 2 beef jerkies


   Skills:
 + Level 3.9 Fighting
 - Level 2.0 Short Blades
 + Level 6.5 Bows
 + Level 0.4 Armour
 - Level 1.3 Dodging
 - Level 0.4 Stealth


You had 4 spell levels left.
You didn't know any spells.

Dungeon Overview and Level Annotations

Branches:
Dungeon (3/15)

Altars:

Annotations:
D:3 Grinder


Innate Abilities, Weirdness & Mutations

You have hooves in place of feet.
Armour fits poorly on your strangely shaped body.
You cover ground very quickly.
You have extremely tough skin. (AC +3)


Message History

Pain shoots through your body!
* * * LOW HITPOINT WARNING * * *
Grinder gestures at you.
You suddenly lose the ability to move!
Grinder hits you but does no damage. Grinder gestures at you.
You shrug off the repeated paralysis!
Grinder hits you but does no damage. Grinder hits you.
* * * LOW HITPOINT WARNING * * *
You writhe in agony.
* * * LOW HITPOINT WARNING * * *
Grinder hits you but does no damage. Grinder gestures at you.
You resist with significant effort. Grinder hits you but does no damage.
You can move again.
Grinder says, "Just stop there for a second..."
There is an open door here.
Grinder gestures at you. Pain shoots through your body!
You die...

#$# #.# #.# ##+## #.#
##...## ####.#####
##.....## #........#
##.......##
###.##.###.#
#.........###......##
+.......@.5............
#...<.....###..........
##.<.....## #.#....####
##.....## #.#.#.##
##...## #.#.#.# ##'##
#.....# #.# ###.# #.#
## ##.########


You could see Grinder.

Vanquished Creatures
  A bullfrog skeleton (D:3)
  Robin (D:1)
  4 adders (D:2)
  An ooze (D:2)
  A worm (D:3)
  4 dart slugs
  4 leopard geckos (D:1)
  An orc (D:2)
  3 giant cockroaches
  18 goblins
  13 hobgoblins
  A quokka (D:2)
  6 bats
  4 frilled lizards
  11 kobolds
  14 rats
87 creatures vanquished.

Notes
Turn   | Place    | Note
-------+----------+-------------------------------------------
     0 | D:1      | dobroeutro the Centaur Hunter began the quest for the Orb.
     0 | D:1      | Reached XP level 1. HP: 17/17 MP: 1/1
   306 | D:2      | Reached XP level 2. HP: 20/25 MP: 2/2
   437 | D:2      | Noticed Robin
   534 | D:1      | HP: 1/25 [leopard gecko (2)]
   537 | D:1      | Reached skill level 1 in Short Blades
  1114 | D:1      | Reached XP level 3. HP: 30/30 MP: 3/3
  1766 | D:1      | Reached skill level 6 in Bows
  2084 | D:1      | Reached XP level 4. HP: 33/38 MP: 4/4
  2121 | D:1      | Killed Robin
  2981 | D:2      | Reached XP level 5. HP: 38/45 MP: 5/5
  3660 | D:3      | Noticed Grinder
  3674 | D:3      | Paralysed by Grinder for 6 turns
  3684 | D:3      | Killed from afar by Grinder

Vault maps used:
D:1:      minmay_arrival_solitary_statue, serial_forest,
          infiniplex_forest_diagonal, infiniplex_forest_zigzag_1,
          infiniplex_forest_clump_diagonal, infiniplex_forest_end_2,
          infiniplex_forest_clump_tiny, infiniplex_forest_end_2,
          infiniplex_forest_clump_cross, infiniplex_forest_clump_small,
          minmay_heptomino_d4
D:2:      kennysheep_six_static_rooms, kennysheep_pointless_box, uniq_robin
D:3:      grunt_temple_overflow_gold_and_silver,
          lemuel_zombie_altar_yredelemnul, lemuel_crystal_altar, first_bread,
          grunt_dithmenos_smoke, uniq_grinder

Skill      XL: |  1  2  3  4 |
---------------+-------------+-----
Short Blades   | 1 2 |  2.0
Fighting       | 3 |  3.9
Bows           | 6 |  6.5
Armour         | |  0.4
Dodging        | |  1.3
Stealth        | |  0.4

Action                   |  1- 3 |  4- 6 || total
-------------------------+-------+-------++-------
Melee: Short sword       |   173 |       ||   173
       Kick              |    28 |    31 ||    59
       Dagger            |     2 |   139 ||   141
  Use: Potion            |       |     1 ||     1
  Eat: Chunk             |     3 |     4 ||     7
Armor: Leather armour    |    61 |    15 ||    76
       Chain mail        |       |    59 ||    59
Dodge: Dodged            |    67 |    38 ||   105
